 Dungeon Crawl Stone Soup version 0.25.1-2-g60ff931df9 (webtiles) character file.

Game seed: 17413211137697699913

147 ArchParadox the Shooter (level 5, 0/61 HPs)
             Began as a Human Hunter on Oct 10, 2020.
             Succumbed to a kobold's poison
             ... on level 3 of the Dungeon.
             The game lasted 00:11:20 (3657 turns).

ArchParadox the Shooter (Human Hunter)              Turns: 3657, Time: 00:11:20

Health: 0/61       AC: 22    Str: 12 (13) XL:     5   Next: 54%
Magic:  5/5        EV:  2    Int: 10 (12) God:
Gold:   169        SH:  0    Dex: 12 (13) Spells: 4/4 levels left

rFire    . . .     SeeInvis .   b - +0 short sword
rCold    . . .     Gourm    .   (no shield)
rNeg     + + +     Faith    .   (armour currently unavailable)
rPois    +         Spirit   +   (helmet currently unavailable)
rElec    .         Reflect  .   (cloak currently unavailable)
rCorr    .         Harm     .   (gloves currently unavailable)
MR       .....     NoTele   +   (boots currently unavailable)
Stlth    ++........             k - amulet of guardian spirit
HPRegen  0.20/turn              (no ring)
MPRegen  0.09/turn              (no ring)

@: brilliant, lethally poisoned (0 -> -9), tree-form
A: no striking features
a: no special abilities


You were on level 3 of the Dungeon.
You were hungry.
You were a tree.
You visited 1 branch of the dungeon, and saw 4 of its levels.

You collected 169 gold pieces.

Inventory:

Hand Weapons
 a - a +1 shortbow
 b - a +0 short sword (weapon)
 i - a +1 dagger of venom
Missiles
 d - 36 arrows
 o - 31 poisoned darts
 q - 8 atropa-tipped darts (quivered)
 v - 24 bolts
Armour
 c - a +0 leather armour
 g - a scarf of resistance
 j - a +0 chain mail
 m - a +0 plate armour (melded)
 r - a scarf of invisibility (melded)
 u - a +2 pair of boots (melded)
Jewellery
 k - an amulet of guardian spirit (around neck)
Scrolls
 h - a scroll of remove curse
 l - a scroll of amnesia
 n - a scroll of magic mapping
 p - 3 scrolls of identify
 w - a scroll of teleportation
Potions
 e - a potion of lignification
 t - a potion of brilliance
Comestibles
 f - 4 rations


   Skills:
 + Level 3.1 Fighting
 * Level 3.4 Short Blades
 - Level 4.0 Bows
 - Level 3.0 Dodging
 - Level 1.0 Stealth


You had 4 spell levels left.
You didn't know any spells.
Your spell library was empty.

Dungeon Overview and Level Annotations

Branches:
Dungeon (4/15)
 Temple: D:4-7

Altars:
Cheibriados


Message History

You feel weakened.
You feel dopey.
You feel clumsy.
* * * LOW HITPOINT WARNING * * *
You feel sick.
Okay, then.
As you read the scroll labeled NEBATO INEU, it crumbles to dust.
It is a scroll of amnesia.
You feel forgetful for a moment.
* * * LOW HITPOINT WARNING * * *
You feel sick.
As you read the scroll labeled COHU LOHEPAOT, it crumbles to dust.
You feel aware of your surroundings.
It was a scroll of magic mapping.
* * * LOW HITPOINT WARNING * * *
You feel sick.
As you read the scroll labeled KEWENY GIPE, it crumbles to dust.
You cannot blink because you are held in place by your roots.
It was a scroll of blinking.
* * * LOW HITPOINT WARNING * * *
You feel sick.
Unknown command.
You die...

###### ## #######.<..#
.# #.......##.# .#
#.....#.#..#
.#######.....###.#####
...............>.....#
.###################.#
.# *######### #.# .#
*.......♣# #.# .#
*........# #.# .#
*........# #.# ##
*........# #.#
*........###.#
*.........<..#
*........#.###
*........#...#
*........###.#


There were no monsters in sight!

Vanquished Creatures
  Natasha (D:2)
  Terence (D:2)
  2 adders (D:3)
  3 oozes (D:1)
  2 worms
  4 dart slugs
  7 leopard geckos
  2 bats (D:1)
  5 giant cockroaches
  4 goblins
  2 hobgoblins
  A quokka (D:3)
  3 ball pythons
  5 frilled lizards
  4 kobolds
  3 rats (D:3)
49 creatures vanquished.

Notes
Turn   | Place    | Note
-------+----------+-------------------------------------------
     0 | D:1      | ArchParadox the Human Hunter began the quest for the Orb.
     0 | D:1      | Reached XP level 1. HP: 16/16 MP: 1/1
   184 | D:1      | Reached skill level 1 in Short Blades
   184 | D:1      | Reached XP level 2. HP: 21/22 MP: 2/2
   769 | D:1      | Reached XP level 3. HP: 28/28 MP: 3/3
  1542 | D:2      | Noticed Terence
  1604 | D:2      | Killed Terence
  1604 | D:2      | Reached XP level 4. HP: 22/34 MP: 4/4
  1970 | D:2      | Noticed Natasha
  2353 | D:2      | Found a snail-covered altar of Cheibriados.
  2444 | D:2      | Killed Natasha
  2444 | D:2      | Reached XP level 5. HP: 21/40 MP: 3/5
  3654 | D:3      | HP: 3/61 [poisoned by a kobold]
  3656 | D:3      | HP: 1/61 [poisoned by a kobold]
  3657 | D:3      | Succumbed to a kobold's poison

Illustrated notes

Levels and vault maps discovered:
D:1:      dpeg_arrival_yet_another_circle, layout_basic, serial_bayou_pond_a
D:2:      layout_rooms, first_ration, kennysheep_slug_shrine, uniq_natasha,
          uniq_terence
D:3:      layout_basic, portal_sewer_entry_f
D:4:      layout_basic, uniq_blork_the_orc, uniq_robin

Skill      XL: |  1  2  3  4  5 |
---------------+----------------+-----
Short Blades   | 1 2 3 |  3.4
Dodging        | 3 |  3.0
Fighting       | 3 |  3.1
Bows           | |  4.0
Stealth        | |  1.0

Action                   |  1- 3 |  4- 6 || total
-------------------------+-------+-------++-------
Melee: Short sword       |   134 |   184 ||   318
 Fire: Shortbow          |    21 |     5 ||    26
Throw: Dart              |       |     3 ||     3
  Use: Potion            |     1 |     4 ||     5
       Scroll            |       |     6 ||     6
  Eat: Chunk             |     2 |     3 ||     5
       Ration            |       |     1 ||     1
Armor: Chain mail        |    28 |       ||    28
       Leather armour    |     2 |       ||     2
       Plate armour      |    66 |   144 ||   210
       Skin              |       |    18 ||    18
Dodge: Dodged            |    19 |    34 ||    53
